 Dungeon Crawl Stone Soup version 0.27-a0-1136-g0b992a5a9d (webtiles) character file.

Game seed: 5630837016562393502

10 Zeld the Skirmisher (level 2, 0/21 HPs)
             Began as an Octopode Fighter on May 4, 2021.
             Succumbed to a kobold's poison
             ... on level 1 of the Dungeon.
             The game lasted 00:00:30 (334 turns).

Zeld the Skirmisher (Octopode Fighter)               Turns: 334, Time: 00:00:30

Health: 0/21       AC:  1    Str: 15    XL:     2   Next: 20%
Magic:  2/2        EV: 11    Int: 10    God:
Gold:   39         SH:  8    Dex: 11    Spells: 1/1 levels left

rFire    . . .     SeeInvis .   a - +0 war axe
rCold    . . .     Faith    .   b - +0 kite shield
rNeg     . . .     Spirit   .   (helmet restricted)
rPois    .         Reflect  .   (no amulet)
rElec    .         Harm     .   (no ring)
rCorr    .         Rampage  .   (no ring)
Will     .....                  (no ring)
Stlth    ++........             (no ring)
HPRegen  0.07/turn              (no ring)
MPRegen  0.08/turn              (no ring)
                                (no ring)
                                (no ring)

@: lethally poisoned (0 -> -5)
A: almost no armour, amphibious, 8 rings, camouflage 1, gelatinous body 1,
(nimble swimmer 1), tentacles
a: no special abilities


You were on level 1 of the Dungeon.
You visited 1 branch of the dungeon, and saw 1 of its levels.

You collected 39 gold pieces.

Inventory:

Hand Weapons
 a - a +0 war axe (weapon)
Armour
 b - a +0 kite shield (worn)
Scrolls
 e - a scroll of immolation {unknown}
 f - a scroll of holy word {unknown}
 g - a scroll of teleportation {unknown}
Potions
 c - a potion of might
 d - a potion of ambrosia {unknown}
 h - a potion of berserk rage {unknown}


   Skills:
 * Level 3.2 Fighting
 * Level 2.2 Axes
 - Level 3.0 Dodging
 * Level 3.2 Shields


You had one spell level left.
You didn't know any spells.
Your spell library was empty.

Dungeon Overview and Level Annotations

Branches:
Dungeon (1/15)

Altars:


Innate Abilities, Weirdness & Mutations

You cannot wear most types of armour.
You are amphibious.
You can wear up to eight rings at the same time.
Your skin changes colour to match your surroundings (Stealth+).
Your rubbery body absorbs attacks. (AC +1, EV +1)
((You are camouflaged near water. (Stealth+)))
You have tentacles for arms and can constrict up to eight enemies at once.


Message History

A quokka comes into view.
A quokka is nearby!
The helpless quokka fails to defend itself.
You slash the quokka!
You kill the quokka!
No target in view!
No target in view!
You see here a quokka corpse.
A kobold comes into view. It is wielding a +2 dagger of venom.
A kobold is nearby!
The kobold shouts!
You closely miss the kobold. Your grab misses the kobold.
You block the kobold's attack.
The kobold hits you with a +2 dagger of venom.
You are poisoned.
Your shield prevents you from hitting the kobold.
Your grab misses the kobold. Your squeeze misses the kobold.
You feel very sick.
The kobold hits you with a +2 dagger of venom.
You are lethally poisoned!
There is a lethal amount of poison in your body!
You hit the kobold.
You kill the kobold!
You feel very sick.
There is a lethal amount of poison in your body!
* * * LOW HITPOINT WARNING * * *
You feel very sick.
Found a mace.
Things that are here:
a +2 dagger of venom; 3 stones; a kobold corpse
* * * LOW HITPOINT WARNING * * *
You feel sick.
* * * LOW HITPOINT WARNING * * *
You feel sick.
There is a lethal amount of poison in your body!
There is a lethal amount of poison in your body!
Okay, then.
* * * LOW HITPOINT WARNING * * *
You feel sick.
You die...

..# ... ..# # #.# #.# #.
#.# #.# #. #.# #.####
#...). #.....
#..#.###########.####
#................#...
#@............#.##
#.##.#...######.# #.#
#.#.######.# #.#
#).......... #)#
#...######.##
#.##.#............
#....#..#######.##
####.#.####..#######...
#...........†...........


There were no monsters in sight!

Vanquished Creatures
  An endoplasm (D:1)
  A giant cockroach (D:1)
  A hobgoblin (D:1)
  3 quokkas (D:1)
  A frilled lizard (D:1)
  A kobold (D:1)
  A rat (D:1)
9 creatures vanquished.

Notes
Turn   | Place    | Note
-------+----------+-------------------------------------------
     0 | D:1      | Zeld the Octopode Fighter began the quest for the Orb.
     0 | D:1      | Reached XP level 1. HP: 16/16 MP: 1/1
   106 | D:1      | Found a faded altar of an unknown god.
   278 | D:1      | Reached XP level 2. HP: 21/21 MP: 2/2
   333 | D:1      | HP: 1/21 [poisoned by a kobold]
   334 | D:1      | Succumbed to a kobold's poison

Illustrated notes

Levels and vault maps discovered:
D:1:      eino_arrival_druids_welcome, layout_basic,
          hellmonk_ecumenical_altar_lost_god

Action                   || total
-------------------------++-------
Melee: War axe           ||    16
       Constrict         ||     2
       Tentacles         ||     1
 Stab: Sleeping          ||     2
Dodge: Dodged            ||     4
Block: Kite shield       ||     5

Table legend: (Time is in decaauts)
 A = Elapsed time spent in this place.
 B = Non-inter-level travel time spent in this place.
 C = Inter-level travel time spent in this place.
 D = Time resting spent in this place.
 E = Time spent auto-exploring this place.
 F = Levels seen in this place.
 G = Mean time per level.
                   A        B        C        D        E       F      G
               +--------+--------+--------+--------+--------+-----+--------+
         Total |    344 |    344 |      0 |      0 |    269 |   1 |  344.0 |
       Dungeon |    344 |    344 |      0 |      0 |    269 |   1 |  344.0 |
               +--------+--------+--------+--------+--------+-----+--------+

Top non-repeatable levels by time:
     D:1: 344 daAuts
